 Dungeon Crawl Stone Soup version 0.20-a0-924-gfa95efa (webtiles) character file.

67 Duffy the Shield-Bearer (level 4, 35/35 HPs)
             Began as a Formicid Fighter on Mar 27, 2017.
             Quit the game on level 2 of the Dungeon.
             The game lasted 00:02:47 (1907 turns).

Duffy the Shield-Bearer (Formicid Fighter)          Turns: 1907, Time: 00:02:47

Health: 35/35      AC:  9    Str: 21    XL:     4   Next: 38%
Magic:  4/4        EV:  6    Int:  8    God:
Gold:   58         SH: 10    Dex: 10    Spells: 3/3 levels left

rFire    . . .     SeeInvis +   a - +0 war axe
rCold    + . .     Gourm    .   c - +0 shield
rNeg     . . .     Faith    .   i - +0 chain mail
rPois    .         Spirit   .   (helmet unavailable)
rElec    .         Reflect  .   (no cloak)
rCorr    .         Harm     .   (no gloves)
MR       .....                  (no boots)
Stlth    ..........             (no amulet)
Regen    0.2/turn               e - ring of protection from cold
MPRegen  0.1/turn               j - ring of stealth

@: no status effects
A: permanent stasis, dig shafts and tunnels, four strong arms, antennae 3
a: Dig, Shaft Self


You were on level 2 of the Dungeon.
You were not hungry.

You visited 1 branch of the dungeon, and saw 2 of its levels.

You collected 58 gold pieces.

Inventory:

Hand Weapons
 a - a +0 war axe (weapon)
Armour
 c - a +0 shield (worn)
 i - a +0 chain mail (worn)
Jewellery
 e - a ring of protection from cold (left hand)
 j - a ring of stealth (right hand)
Scrolls
 g - a scroll of fog {unknown}
 k - a scroll of recharging {unknown}
 l - a scroll of identify {unknown}
 n - a scroll of enchant armour {unknown}
 o - a scroll of teleportation {unknown}
 p - 3 scrolls of noise {unknown}
 q - a scroll of magic mapping {unknown}
Potions
 b - a potion of brilliance {unknown}
 d - 2 potions of might
 m - 2 potions of cancellation {unknown}
Comestibles
 f - a bread ration
 h - 3 fruits


   Skills:
 - Level 3.2 Fighting
 - Level 2.0 Axes
 - Level 3.2 Armour
 + Level 5.9 Shields


You had 3 spell levels left.
You didn't know any spells.

Dungeon Overview and Level Annotations

Branches:
Dungeon (2/15)

Altars:
Xom


Innate Abilities, Weirdness & Mutations

You cannot be hasted, slowed, berserked, paralysed or teleported.
You can dig through walls and to a lower floor.
Your four strong arms can wield two-handed weapons with a shield.
You have a pair of large antennae on your head. (SInv)


Message History

You see here a dagger.
Found a stone staircase leading up.
You sense a monster nearby.
You are feeling hungry.
You butcher the rat corpse.
r - a chunk of flesh You see here a rat skeleton. x2
Eating a chunk of flesh.
You eat the chunk of flesh.
This raw flesh tastes terrible.
An ooze comes into view.
An ooze is nearby!
Are you sure you want to abandon this character and quit the game? (Confirm with "yes".)
Okay, then.
Unknown command.
Unknown command.
Are you sure you want to abandon this character and quit the game? (Confirm with "yes".)
Okay, then.
Are you sure you want to abandon this character and quit the game? (Confirm with "yes".)
Okay, then.
Are you sure you want to abandon this character and quit the game? (Confirm with "yes".)

###
.#######.#
.J.....@.#
#########.#
#.......#.#
#.#####.#.#
#.# #.#.#
#.# #.#.#
#.# #.#.#
######.###
#.#.#
..........#
#.#.#


You could see an ooze.

Vanquished Creatures
  2 adders (D:2)
  3 dart slugs (D:1)
  2 bats (D:1)
  5 giant cockroaches
  6 hobgoblins
  A quokka (D:2)
  A ball python (D:1)
  2 frilled lizards (D:1)
  7 goblins
  4 kobolds
  9 rats
42 creatures vanquished.

Notes
Turn   | Place    | Note
-------+----------+-------------------------------------------
     0 | D:1      | Duffy the Formicid Fighter began the quest for the Orb.
     0 | D:1      | Reached XP level 1. HP: 18/18 MP: 1/1
    47 | D:1      | Reached skill level 4 in Shields
    77 | D:1      | Reached XP level 2. HP: 24/24 MP: 2/2
   455 | D:1      | Reached XP level 3. HP: 24/29 MP: 3/3
   518 | D:1      | Reached skill level 5 in Shields
  1299 | D:2      | Reached XP level 4. HP: 19/35 MP: 4/4
  1702 | D:2      | Found a white marble altar of Elyvilon.
  1704 | D:2      | Found a shimmering altar of Xom.
  1704 | D:2      | Found a shimmering altar of Xom.
  1706 | D:2      | Found a sparkling altar of Nemelex Xobeh.
  1706 | D:2      | Found a stormy altar of Qazlal.
  1706 | D:2      | Found a hide-covered altar of Uskayaw.
  1907 | D:2      | Quit the game

Vault maps used:
D:1:      minmay_arrival_loop
D:2:      doesnt_xom_only_xom

Skill      XL: |  1  2  3 |
---------------+----------+-----
Shields        | 4 5 |  5.9
Fighting       | |  3.2
Axes           | |  2.0
Armour         | |  3.2

Action                   |  1- 3 |  4- 6 || total
-------------------------+-------+-------++-------
Melee: War axe           |   132 |    29 ||   161
 Abil: Dig               |       |     1 ||     1
  Eat: Chunk             |     1 |     3 ||     4
Armor: Scale mail        |    55 |       ||    55
       Chain mail        |    11 |    16 ||    27
Dodge: Dodged            |    34 |     9 ||    43
Block: Shield            |    73 |    14 ||    87
